 Dungeon Crawl Stone Soup version 0.30-a0-4-ga7cffc901d (webtiles) character file.

Game seed: 12011609056870223441

74 frimble the Changer (level 4, 0/32 HPs)
             Began as a Demonspawn Earth Elementalist on Aug 20, 2022.
             Slain by a gnoll
             ... wielding a +0 halberd
              (12 damage)
             ... on level 2 of the Dungeon.
             The game lasted 00:02:13 (2457 turns).

frimble the Changer (Demonspawn Earth Elementalist) Turns: 2457, Time: 00:02:14

Health: 0/32       AC:  4    Str:  8    XL:     4   Next: 9%
Magic:  1/7        EV: 12    Int: 16    God:
Gold:   16         SH:  0    Dex: 16    Spells: 6/7 levels left

rFire   + . .      SeeInvis .    p - +2 short sword (freeze)
rCold   x . .      Faith    .    (no shield)
rNeg    . . .      Spirit   .    a - +0 robe
rPois   .          Reflect  .    (no helmet)
rElec   .          Harm     .    (no cloak)
rCorr   .          Rampage  .    (no gloves)
Will    .....                    (no boots)
Stlth   ++........               (no amulet)
HPRegen 0.10/turn                c - ring of fire
MPRegen 0.10/turn                (no ring)

@: very slightly contaminated
A: icy blue scales 1
a: no special abilities


You were on level 2 of the Dungeon.
You visited 1 branch of the dungeon, and saw 2 of its levels.

You collected 58 gold pieces.
You spent 42 gold pieces at shops.

Inventory:

Hand Weapons
 p - a +2 short sword of freezing (weapon)
Armour
 a - a +0 robe (worn)
Jewellery
 c - a ring of fire (left hand)
 o - a ring of fire
Scrolls
 b - a scroll of vulnerability {unknown}
 d - a scroll of enchant weapon {unknown}
 e - 2 scrolls of immolation {unknown}
 h - a scroll of poison {unknown}
 i - a scroll of magic mapping {unknown}
 l - a scroll of enchant armour {unknown}
Potions
 g - a potion of curing
 j - 2 potions of heal wounds {unknown}
 k - a potion of flight {unknown}
 m - a potion of invisibility {unknown}
 n - a potion of magic


   Skills:
 + Level 1.1 Fighting
 + Level 1.0 Short Blades
 - Level 1.8 Dodging
 - Level 1.8 Stealth
 - Level 2.0 Spellcasting
 - Level 3.0 Transmutations
 - Level 2.7 Earth Magic


You had 6 spell levels left.
You knew the following spells:

 Your Spells              Type           Power      Damage    Failure   Level
a - Sandblast             Erth           20%        2d7       7%          1

Your spell library contained the following spells:

 Spells                   Type           Power      Damage    Failure   Level
 Passwall                 Tmut/Erth      8%         N/A       10%         2
 Stone Arrow              Conj/Erth      10%        3d7       34%         3
 Gell's Gravitas          Tloc           1%         N/A       52%         3
 Lesser Beckoning         Tloc           1%         N/A       52%         3
 Teleport Other           Tloc           1%         N/A       52%         3
 Petrify                  Tmut/Erth      10%        N/A       54%         4


Dungeon Overview and Level Annotations

Branches:
Dungeon (2/15)

Altars:

Shops:
D:1 (   D:2 !


Innate Abilities, Weirdness & Mutations

You are partially covered in icy blue scales. (AC +2)


Message History

The blast of sand hits the gnoll.
The gnoll is heavily wounded.
The gnoll hits you with a +0 club.
Aiming: Sandblast (safe; 7% risk of failure)
Press: ? - help, Q - select action Shift-Dir - straight line, f/p - gnoll
Aim: a gnoll, wielding a +0 club (heavily wounded, 84% to hit)
The blast of sand hits the gnoll.
You kill the gnoll!
The ball python bites you but does no damage.
The ball python grabs you. The ball python constricts you.
The gnoll closely misses you.
Your Fighting skill increases to level 1!
You have reached level 4!
You feel agile.
You hit the ball python. You freeze the ball python.
You kill the ball python!
The gnoll hits you from afar with a +0 halberd!
* * * LOW HITPOINT WARNING * * *
Your Short Blades skill increases to level 1!
Aiming: Sandblast (safe; 7% risk of failure)
Press: ? - help, Q - select action Shift-Dir - straight line, f - gnoll
Aim: a gnoll, wielding a +0 halberd (84% to hit)
The blast of sand hits the gnoll.
The gnoll is heavily wounded.
The gnoll closely misses you.
You feel better. The gnoll closely misses you.
Aiming: Sandblast (safe; 7% risk of failure)
Press: ? - help, Q - select action Shift-Dir - straight line, f/p - gnoll
Aim: a gnoll, wielding a +0 halberd (heavily wounded, 84% to hit)
You miscast Sandblast.
You are very lightly contaminated with residual magic.
Nothing appears to happen.
The gnoll barely misses you.
Aiming: Sandblast (safe; 7% risk of failure)
Press: ? - help, Q - select action Shift-Dir - straight line, f/p - gnoll
Aim: a gnoll, wielding a +0 halberd (heavily wounded, 84% to hit)
The blast of sand hits the gnoll.
The gnoll is severely wounded.
The gnoll hits you from afar with a +0 halberd!
You die...

#.###....# #.#....#..#
..# #....# #...........
..# #....# #..'########+
..###....# #..#...S....
.......######g)#.+####+.
............#..#g#
.......####.#!J#g#
.......# #.#.g#)#
###########.#..#@#
#...#.#..#.+
#####...#.#..#..
##.........#..'###
#......#####...
##..###.# .. ##..# #.#
## ##..# #.# ##..# #..


You could see 2 gnolls.

Vanquished Creatures
  An adder (D:2)
  2 gnolls
  A dart slug (D:1)
  3 endoplasms
  5 giant cockroaches
  8 goblins
  A hobgoblin (D:2)
  A quokka (D:1)
  7 ball pythons
  4 frilled lizards
  3 kobolds
  7 rats (D:1)
43 creatures vanquished.

Notes
Turn   | Place    | Note
-------+----------+-------------------------------------------
     0 | D:1      | frimble the Demonspawn Earth Elementalist began the quest
                  | for the Orb.
     0 | D:1      | Reached XP level 1. HP: 13/13 MP: 3/3
    78 | D:1      | Reached skill level 1 in Transmutations
   134 | D:1      | Found a faded altar of an unknown god.
   432 | D:1      | Gained mutation: You are partially covered in icy blue
                  | scales. (AC +2) [demonic ancestry]
   432 | D:1      | Reached XP level 2. HP: 9/19 MP: 0/5
   750 | D:1      | Reached skill level 2 in Transmutations
  1205 | D:1      | Reached XP level 3. HP: 15/24 MP: 2/6
  1328 | D:1      | Found Cideni's Weapon Emporium.
  1702 | D:2      | Reached skill level 3 in Transmutations
  2032 | D:2      | Found Uvilodag's Distillery.
  2059 | D:2      | Bought a potion of curing for 42 gold pieces
  2453 | D:2      | Reached skill level 1 in Fighting
  2453 | D:2      | Reached XP level 4. HP: 12/32 MP: 4/7
  2454 | D:2      | Reached skill level 1 in Short Blades
  2457 | D:2      | Slain by a gnoll

Illustrated notes

Levels and vault maps discovered:
D:1:      evilmike_arrival_crescent, layout_basic, serial_shops,
          nicolae_shop_stone, shapermc_ecumenical_altar_mp_ritualfount,
          minmay_box_of_dots
D:2:      layout_basic, serial_shops, nicolae_shop_waterfront, minivault_11,
          nrook_campfire, nicolae_titane

Skill      XL: |  1  2  3  4 |
---------------+-------------+-----
Transmutations | 1 2 3 |  3.0
Fighting       | 1 |  1.1
Short Blades   | 1 |  1.0
Dodging        | |  1.8
Stealth        | |  1.8
Spellcasting   | |  2.0
Earth Magic    | |  2.7

Action                   |  1- 3 |  4- 6 || total
-------------------------+-------+-------++-------
Melee: Unarmed           |    15 |       ||    15
       Dagger            |    60 |       ||    60
       Short sword       |     7 |     1 ||     8
 Cast: Sandblast         |    39 |     2 ||    41
  Use: Potion            |     2 |     1 ||     3
 Stab: Sleeping          |     2 |       ||     2
Armor: Robe              |    35 |       ||    35
Dodge: Dodged            |    83 |     3 ||    86

Table legend: (Time is in decaauts)
 A = Elapsed time spent in this place.
 B = Non-inter-level travel time spent in this place.
 C = Inter-level travel time spent in this place.
 D = Time resting spent in this place.
 E = Time spent auto-exploring this place.
 F = Levels seen in this place.
 G = Mean time per level.
                   A        B        C        D        E       F      G
               +--------+--------+--------+--------+--------+-----+--------+
         Total |   2477 |   2409 |     68 |      0 |   2116 |   2 | 1238.5 |
       Dungeon |   2477 |   2409 |     68 |      0 |   2116 |   2 | 1238.5 |
               +--------+--------+--------+--------+--------+-----+--------+

Top non-repeatable levels by time:
     D:1: 1559 daAuts
     D:2: 917 daAuts
